[Event "Late-Titled-Tuesday-Blitz-April-02-2024"]
[Site "Chess.com"]
[Date "2024.04.02"]
[Round "3"]
[White "N_Mullodzhanov"]
[Black "martabartel"]
[Result "1-0"]
[WhiteElo "2566"]
[BlackElo "2228"]
[TimeControl "180+1"]
[EndTime "14:25:09 PDT"]
[Termination "N_Mullodzhanov won by resignation"]

1. e4 c5 2. c3 d5 3. exd5 Qxd5 4. d4 Nf6 5. Nf3 Nc6 6. Na3 cxd4 7. Nb5 Qd8 8. Nbxd4 Nxd4 9. Qxd4 Qxd4 10. Nxd4 a6 11. Bf4 g6 12. O-O-O Bg7 13. Be2 O-O 14. Bf3 Ng4 15.
Bg3 e5 16. Nb3 Be6 17. Nc5 Bxa2 18. Bxg4 f5 19. Be2 Bh6+ 20. Kc2 f4 21. Bh4 b6 22. Nd7 Rf7 23. Nxe5 Rc7 24. f3 Re8 25. Rd8 Rxd8 26. Bxd8 Rc8 27. Rd1 a5 28. Bxb6 a4 29. Rd8+ Rxd8 30.
Bxd8 1-0

[Event "Late-Titled-Tuesday-Blitz-April-02-2024"]
[Site "Chess.com"]
[Date "2024.04.02"]
[Round "3"]
[White "RealPerangel"]
[Black "Yaacovn"]
[Result "1-0"]
[WhiteElo "2551"]
[BlackElo "2843"]
[TimeControl "180+1"]
[EndTime "14:25:10 PDT"]
[Termination "RealPerangel won by resignation"]

1. e4 c6 2. Nc3 d5 3. Nf3 dxe4 4.
Nxe4 Nf6 5. Neg5 h6 6. Nxf7 Kxf7 7. Ne5+ Kg8 8. Bc4+ e6 9. Qe2 Bd6 10. f4 c5 11. O-O Nc6 12. Nxc6 bxc6 13. f5 Qe7 14.
fxe6 Nd5 15. Re1 Nb6 16. d3 Nxc4 17. dxc4 Qh4 18. g3 Bxg3 19. hxg3 Qxg3+ 20. Kh1 Qh4+ 21. Kg2 Kh7 22. Qd3+ g6 23. Re4 Qf6 24. Qh3 Kg7 25. Bd2 Rd8 26. Qxh6+ Kg8 27. Bc3 Rd4 28. Bxd4 cxd4 29.
Rf1 1-0

[Event "Late-Titled-Tuesday-Blitz-April-02-2024"]
[Site "Chess.com"]
[Date "2024.04.02"]
[Round "3"]
[White "shirovin"]
[Black "Juicy_Fork"]
[Result "0-1"]
[WhiteElo "2069"]
[BlackElo "2557"]
[TimeControl "180+1"]
[EndTime "14:25:10 PDT"]
[Termination "Juicy_Fork won by resignation"]

1. d4 Nf6 2. Bf4 g6 3. h4 h5 4.
Nf3 Bg7 5. Nc3 d5 6. Qd2 O-O 7. Bh6 c5 8. Bxg7 Kxg7 9. e3 Nc6 10.
O-O-O Qa5 11. Kb1 Bf5 12. dxc5 Nb4 13. Nd4 Ne4 14. Nxf5+ gxf5 15. Qd4+ e5 16. Qxe5+ f6 17. Qd4 Nxc3+ 18. bxc3 Qxa2+ 0-1

[Event "Late-Titled-Tuesday-Blitz-April-02-2024"]
[Site "Chess.com"]
[Date "2024.04.02"]
[Round "3"]
[White "Speed-O-Sonic"]
[Black "xasid81"]
[Result "0-1"]
[WhiteElo "2444"]
[BlackElo "2626"]
[TimeControl "180+1"]
[EndTime "14:25:13 PDT"]
[Termination "xasid81 won by resignation"]

1. e4 c6 2. Nf3 d5 3. exd5 cxd5 4. d4 Nf6 5. Ne5 a6 6. c4 dxc4 7. Bxc4 e6 8. Nc3 Be7 9. O-O O-O 10. Bg5 b5 11. Be2 Bb7 12. Bf3 Bxf3 13. Qxf3 Ra7 14.
Rfd1 Nd5 15. Bxe7 Rxe7 16. Nxd5 Qxd5 17. Qxd5 exd5 18. Rac1 Rfe8 19. g3 f6 20. Nf3 Re2 21.
Rd2 Rxd2 22. Nxd2 Nd7 23. Rc7 Nf8 24. Rc6 Ne6 25. Nb3 a5 26. Nxa5 Nxd4 27. Rd6 Nf3+ 28. Kg2 Ne1+ 29. Kf1 Nd3 30. Rxd5 Re1+ 31. Kg2 Nxb2 32.
Rxb5 Re2 33. Kf3 Rc2 34. Nb3 Nd1 35. a4 Rxf2+ 36. Kg4 Ne3+ 37. Kh3 h5 38. Rxh5 g5 0-1

[Event "Late-Titled-Tuesday-Blitz-April-02-2024"]
[Site "Chess.com"]
[Date "2024.04.02"]
[Round "3"]
[White "Godzillator"]
[Black "campochess"]
[Result "1-0"]
[WhiteElo "2376"]
[BlackElo "2176"]
[TimeControl "180+1"]
[EndTime "14:25:15 PDT"]
[Termination "Godzillator won by resignation"]

1. c4 e6 2. Nc3 d5 3. cxd5 exd5 4. d4 Be7 5. Nf3 Nf6 6. Bg5 Nbd7 7. e3 c6 8. Bd3 Nf8 9. Qc2 h6 10. Bh4 Bg4 11.
Ne5 Be6 12. O-O Ng4 13. Bxe7 Qxe7 14. Nxg4 Bxg4 15. Rab1 Bh5 16. b4 Bg6 17. b5 Bxd3 18. Qxd3 Ne6 19. bxc6 bxc6 20. Qa6 O-O 21. Rb7 Qd6 22.
Rxa7 Rxa7 23. Qxa7 Qb4 24. Ne2 Rb8 25. h4 Rb5 26.
Qd7 Qc4 27. Ng3 Qc2 28. Qc8+ Kh7 29. Qe8 Rb7 30. a4 Qxa4 31. Nf5 Qc2 32. Ne7 Rxe7 33. Qxe7 c5 34. Qxf7 Nd8 35. Qxd5 1-0

[Event "Late-Titled-Tuesday-Blitz-April-02-2024"]
[Site "Chess.com"]
[Date "2024.04.02"]
[Round "3"]
[White "expii"]
[Black "TheoSlade"]
[Result "1/2-1/2"]
[WhiteElo "2227"]
[BlackElo "2387"]
[TimeControl "180+1"]
[EndTime "14:25:20 PDT"]
[Termination "Game drawn by repetition"]

1. e4 e5 2. Nf3 Nc6 3. Bb5 g6 4.
Nc3 Bg7 5. d3 Nge7 6. O-O O-O 7.
Be3 a6 8. Bc4 Na5 9. Bb3 Nxb3 10. axb3 d5 11. exd5 Nxd5 12. Nxd5 Qxd5 13. Qd2 Bg4 14.
Ne1 Rad8 15. f3 Bf5 16. c4 Qd6 17. Rd1 Rd7 18. d4 exd4 19. Bf2 Re8 20. Nd3 Bxd3 21. Qxd3 Rde7 22. Rfe1 Rxe1+ 23. Rxe1 Rxe1+ 24. Bxe1 Be5 25. g3 h5 26. Bf2 h4 27. gxh4 Bxh2+ 28. Kg2 Be5 29.
f4 Bf6 30. Qe4 c6 31. h5 gxh5 32. f5 d3 33. Be3 d2 34. Bh6 d1=Q 35. Qe8+ Kh7 36.
Qxf7+ Kh8 37. Qe8+ Kh7 38. Qg6+ Kh8 39. Qe8+ Kh7 40.
Qf7+ Kh8 41. Qe8+ 1/2-1/2

[Event "Late-Titled-Tuesday-Blitz-April-02-2024"]
[Site "Chess.com"]
[Date "2024.04.02"]
[Round "3"]
[White "sergiochess83"]
[Black "EgorYakovlev"]
[Result "1-0"]
[WhiteElo "2976"]
[BlackElo "2659"]
[TimeControl "180+1"]
[EndTime "14:25:23 PDT"]
[Termination "sergiochess83 won by resignation"]

1. d4 Nf6 2. c4 c5 3. d5 e6 4. Nc3 exd5 5. cxd5 d6 6. Nf3 g6 7.
h3 Bg7 8. Bf4 O-O 9. e3 Re8 10.
Bd3 a6 11. a4 Qc7 12. O-O Nbd7 13. Nd2 Ne5 14. Be2 Rb8 15. Bh2 Bf5 16. e4 Bc8 17. f4 Ned7 18. Kh1 b6 19. e5 dxe5 20. Nc4 b5 21. fxe5 Nh5 22. e6 Ng3+ 23. Bxg3 Qxg3 24. exf7+ Kf8 25. fxe8=Q+ Kxe8 26. axb5 axb5 27. Ne4 Qh4 28. Ncd6+ Kd8 29. Qe1 1-0

[Event "Late-Titled-Tuesday-Blitz-April-02-2024"]
[Site "Chess.com"]
[Date "2024.04.02"]
[Round "3"]
[White "Tugrik1969"]
[Black "Aygehovit1992"]
[Result "0-1"]
[WhiteElo "2561"]
[BlackElo "2872"]
[TimeControl "180+1"]
[EndTime "14:25:23 PDT"]
[Termination "Aygehovit1992 won by resignation"]

1. d4 Nf6 2. c4 e6 3. Nf3 Bb4+ 4. Bd2 a5 5. g3 b6 6. Bg2 Bb7 7. O-O O-O 8. Nc3 Bxc3 9. Bxc3 d6 10. Ne1 Bxg2 11. Nxg2 Nbd7 12. Qc2 d5 13. b3 Rc8 14. Nf4 c6 15. Bb2 Re8 16. Nd3 b5 17. Rac1 Ne4 18.
f3 Nd6 19. c5 Nf5 20. e4 Ne3 21. Qd2 Nxf1 22. Rxf1 dxe4 23. fxe4 e5 24. d5 cxd5 25. exd5 Nxc5 26. Nxe5 f6 27. Ng4 Ne4 28. Qd4 Rc2 29. Ne3 Rd2 0-1

[Event "Late-Titled-Tuesday-Blitz-April-02-2024"]
[Site "Chess.com"]
[Date "2024.04.02"]
[Round "3"]
[White "ValeriyGrinev"]
[Black "jamengrand"]
[Result "1-0"]
[WhiteElo "2586"]
[BlackElo "2303"]
[TimeControl "180+1"]
[EndTime "14:25:24 PDT"]
[Termination "ValeriyGrinev won by resignation"]

1. e4 c5 2. Nf3 Nc6 3. Bb5 g6 4. Bxc6 dxc6 5. d3 Qc7 6. O-O e5 7. a4 a5 8. Na3 f6 9. Nc4 Nh6 10. Bd2 b6 11. c3 Nf7 12. d4 Be6 13. Ne3 cxd4 14. cxd4 Rd8 15. d5 cxd5 16. exd5 Bd7 17. Rc1 Qb8 18. Qb3 Bc5 19. Nc4 O-O 20. Be3 Bxe3 21.
fxe3 b5 22. Nxa5 bxa4 23. Qxb8 Rxb8 24. Rc7 Rfd8 25. Nd2 Rxb2 26. Ne4 Kf8 27. Nxf6 Ke7 28. Nxd7 Rxd7 29. Rxd7+ Kxd7 30. Rxf7+ Kd6 31. Nc4+ Kc5 32. Nxb2 a3 33. Rb7 a2 34. Ra7 1-0

[Event "Late-Titled-Tuesday-Blitz-April-02-2024"]
[Site "Chess.com"]
[Date "2024.04.02"]
[Round "3"]
[White "GAusal"]
[Black "romulocardoso"]
[Result "1-0"]
[WhiteElo "2270"]
[BlackElo "2414"]
[TimeControl "180+1"]
[EndTime "14:25:25 PDT"]
[Termination "GAusal won by resignation"]

1. d4 Nf6 2. Nf3 e6 3. c4 Bb4+ 4. Bd2 Qe7 5. g3 O-O 6. Bg2 d5 7.
O-O b6 8. Bxb4 Qxb4 9. cxd5 exd5 10. Qb3 Qxb3 11. axb3 Nbd7 12. Nc3 a6 13. Rfc1 Bb7 14. Ne5 Rfd8 15. b4 c5 16. Nxd7 Nxd7 17. bxc5 bxc5 18.
Nxd5 cxd4 19. Ne7+ Kf8 20. Bxb7 Kxe7 21. Bxa8 Rxa8 22. Rc7 Kd6 23. Rb7 Kc6 24. Rb3 Nc5 25. Rba3 Rb8 26. Rc1 Rxb2 27. Rxa6+ Kb5 28. Rd6 Ne6 29.
Rd7 Ra2 30. Kf1 1-0

[Event "Late-Titled-Tuesday-Blitz-April-02-2024"]
[Site "Chess.com"]
[Date "2024.04.02"]
[Round "3"]
[White "RantomOpening"]
[Black "rhwr"]
[Result "0-1"]
[WhiteElo "2557"]
[BlackElo "2292"]
[TimeControl "180+1"]
[EndTime "14:25:28 PDT"]
[Termination "rhwr won by resignation"]

1. e4 c5 2. c3 e6 3. d4 d5 4. exd5 exd5 5. Nf3 Nc6 6. Bb5 Be7 7. O-O Nf6 8. dxc5 O-O 9. b4 a6 10. Bxc6 bxc6 11.
Bg5 h6 12. Bxf6 Bxf6 13. Nbd2 Bxc3 14. Rb1 a5 15. a3 axb4 16. axb4 Bf5 17. Rb3 Bf6 18.
Re1 Ra1 19. Qe2 Rxe1+ 20. Qxe1 Re8 21. Qc1 g5 22. Nf1 g4 23. Ne1 Bg5 24. Qa1 Qf6 25.
Qxf6 Bxf6 26. Ne3 d4 27. N3c2 Bxc2 28. Nxc2 Re2 29. f3 Rxc2 30. fxg4 Rc3 31. Rb2 d3 32. Kf2 Rc2+ 33. Rxc2 0-1

[Event "Late-Titled-Tuesday-Blitz-April-02-2024"]
[Site "Chess.com"]
[Date "2024.04.02"]
[Round "3"]
[White "Smiechu"]
[Black "BardArtem"]
[Result "0-1"]
[WhiteElo "2485"]
[BlackElo "2850"]
[TimeControl "180+1"]
[EndTime "14:25:32 PDT"]
[Termination "BardArtem won by resignation"]

1. e4 d5 2. exd5 Qxd5 3. Nf3 Bg4 4. Be2 Nc6 5. d4 O-O-O 6. Be3 e5 7. c4 Qa5+ 8. Bd2 Qa6 9. c5 Bxf3 10. gxf3 b5 11. a4 Nxd4 12. Nc3 Qg6 13. axb5 Qg2 14. Rf1 Bxc5 15.
Ne4 Bb6 16. Ra3 f5 17. Ng3 f4 18. Ne4 Nf6 19. Nxf6 gxf6 20. Qa4 Nxe2 21. Kxe2 Rxd2+ 22. Kxd2 Qxf1 23. Qe4 Rd8+ 24. Kc2 Qd1+ 25. Kc3 Qd4+ 0-1

[Event "Late-Titled-Tuesday-Blitz-April-02-2024"]
[Site "Chess.com"]
[Date "2024.04.02"]
[Round "3"]
[White "LuisFSiles"]
[Black "Blackwhite017"]
[Result "1-0"]
[WhiteElo "2348"]
[BlackElo "2070"]
[TimeControl "180+1"]
[EndTime "14:25:33 PDT"]
[Termination "LuisFSiles won on time"]

1. e4 c5 2. Nf3 Nc6 3. c3 Nf6 4. e5 Nd5 5. d4 cxd4 6. cxd4 d6 7. Bc4 Nb6 8. Bb5 dxe5 9. Nxe5 Bd7 10. Nxd7 Qxd7 11. Nc3 e6 12. Qg4 O-O-O 13. Be3 h5 14. Qf3 Kb8 15. O-O Nd5 16. Rfc1 a6 17. Ba4 Nxc3 18. bxc3 Qd5 19. Qxf7 Bd6 20. c4 Qa5 21. Bxc6 bxc6 22. Rab1+ Bb4 23. a3 Rhf8 24. Qe7 1-0

[Event "Late-Titled-Tuesday-Blitz-April-02-2024"]
[Site "Chess.com"]
[Date "2024.04.02"]
[Round "3"]
[White "Revan_2002"]
[Black "AktilekAskarovich"]
[Result "1-0"]
[WhiteElo "2739"]
[BlackElo "2425"]
[TimeControl "180+1"]
[EndTime "14:25:39 PDT"]
[Termination "Revan_2002 won by resignation"]

1. Nf3 d5 2. g3 Bg4 3. Bg2 Nd7 4.
O-O e6 5. d3 Ngf6 6. Qe1 Be7 7. h3 Bxf3 8. Bxf3 O-O 9. e4 c6 10.
Bg2 b5 11. Nd2 a5 12. Nf3 b4 13. a4 bxa3 14. bxa3 Qb6 15. e5 Ne8 16. a4 c5 17.
h4 h6 18. Bd2 Nc7 19. Qe2 Qb2 20. Rfb1 Qxc2 21. Ne1 Qxb1 22. Rxb1 Rfb8 23. Rxb8+ Rxb8 24. Bxa5 Na6 25. Bf3 Rb1 26. Kg2 Nab8 27. Qa2 Rb7 28. Bd2 Nxe5 29. a5 Nec6 30. Nc2 Na6 31. Qa4 Nab8 32. Bf4 Kf8 33. a6 Ra7 34. Qb5 1-0

[Event "Late-Titled-Tuesday-Blitz-April-02-2024"]
[Site "Chess.com"]
[Date "2024.04.02"]
[Round "3"]
[White "rasmussvane"]
[Black "zajka-molotok"]
[Result "1-0"]
[WhiteElo "2902"]
[BlackElo "2545"]
[TimeControl "180+1"]
[EndTime "14:25:41 PDT"]
[Termination "rasmussvane won by checkmate"]

1. b3 d5 2. Bb2 Bf5 3. g3 e6 4.
Bg2 Nf6 5. d3 c6 6. Nd2 h6 7. e4 Bh7 8. Nh3 Be7 9. O-O O-O 10.
Qe2 a5 11. a3 Na6 12. Kh1 Nc5 13. e5 Nfd7 14. f4 a4 15. b4 Na6 16. Nf3 c5 17. bxc5 Naxc5 18. Nd4 Qc7 19. Rae1 Rfe8 20. f5 Bf8 21. Nf4 exf5 22. Nxd5 Qxe5 23. Qf2 Qb8 24. Nxf5 Rxe1 25. Nxh6+ Kh8 26. Nxf7+ Kg8 27. Rxe1 Bg6 28. Ne7+ Bxe7 29. Rxe7 Qf8 30. Nh6+ gxh6 31. Bd5+ Bf7 32. Bxf7+ Kh7 33. Qf5# 1-0

[Event "Late-Titled-Tuesday-Blitz-April-02-2024"]
[Site "Chess.com"]
[Date "2024.04.02"]
[Round "3"]
[White "egnfanclub"]
[Black "JaackCamel"]
[Result "1-0"]
[WhiteElo "2380"]
[BlackElo "2185"]
[TimeControl "180+1"]
[EndTime "14:25:41 PDT"]
[Termination "egnfanclub won by checkmate"]

1. e4 e6 2. d4 d5 3. Nc3 Bb4 4. Ne2 dxe4 5. a3 Be7 6. Nxe4 Nf6 7. N2c3 O-O 8. Bd3 Nbd7 9. h4 h6 10. Be3 b6 11. Qd2 Ng4 12. O-O-O Nxe3 13. Qxe3 Bb7 14.
g4 f5 15. gxf5 exf5 16. Rhg1 fxe4 17. Qxh6 Rf7 18. Bc4 Qf8 19. Rg6 Nf6 20. Rdg1 Bd5 21.
Nxd5 Ng4 22. Nxe7+ Qxe7 23. Qxg7# 1-0

[Event "Late-Titled-Tuesday-Blitz-April-02-2024"]
[Site "Chess.com"]
[Date "2024.04.02"]
[Round "3"]
[White "rcmz"]
[Black "PapaieDudu"]
[Result "0-1"]
[WhiteElo "2204"]
[BlackElo "2389"]
[TimeControl "180+1"]
[EndTime "14:25:44 PDT"]
[Termination "PapaieDudu won by resignation"]

1. b4 b5 2. Bb2 Bb7 3. e3 e6 4. f4 f5 5. Nf3 Nf6 6. a3 a6 7. Be2 Be7 8. O-O O-O 9. c4 c5 10.
bxc5 bxc4 11. Bxc4 Bxc5 12. Qc2 Qe7 13. Nc3 Nc6 14. Na4 Ba7 15. Ne5 Rac8 16. Nxc6 Rxc6 17. Qb3 d5 18. Be2 Ne4 19. Rfd1 Qh4 20. Bf3 Qf2+ 21. Kh1 Rf7 22. Bxe4 fxe4 23. Rac1 e5 24. Rxc6 Bxc6 25. Bxe5 Bb5 26. Nc3 Bf1 0-1

[Event "Late-Titled-Tuesday-Blitz-April-02-2024"]
[Site "Chess.com"]
[Date "2024.04.02"]
[Round "3"]
[White "Mops_2004"]
[Black "Hikaru"]
[Result "0-1"]
[WhiteElo "2797"]
[BlackElo "3265"]
[TimeControl "180+1"]
[EndTime "14:25:54 PDT"]
[Termination "Hikaru won by resignation"]

1. g3 h5 2. Nf3 d6 3. Bg2 e5 4. c4 Be7 5. h4 e4 6. Nd4 d5 7.
cxd5 Qxd5 8. e3 Qe5 9. Nc3 f5 10. d3 exd3 11. Qxd3 c6 12. O-O Nf6 13. Qc4 Qc5 14.
Qb3 Na6 15. Bd2 Qd6 16. Rfd1 Nc5 17. Qc2 Nce4 18. Nxe4 fxe4 19. Bxe4 Nxe4 20. Qxe4 O-O 21.
Bc3 Qf6 22. Rd2 Qf7 23. Qc2 c5 24. Nb5 Bh3 25. Qe4 Rad8 26. Rad1 Bg4 27. Rf1 Rxd2 28. Bxd2 Be2 29. Be1 Bxb5 0-1

[Event "Late-Titled-Tuesday-Blitz-April-02-2024"]
[Site "Chess.com"]
[Date "2024.04.02"]
[Round "3"]
[White "Darkdefense15"]
[Black "enriquebutti"]
[Result "1-0"]
[WhiteElo "2375"]
[BlackElo "2172"]
[TimeControl "180+1"]
[EndTime "14:25:54 PDT"]
[Termination "Darkdefense15 won by resignation"]

1. d4 Nf6 2. Bf4 d5 3. e3 e6 4. Nf3 c5 5. Nbd2 Bd6 6. Bg3 Qc7 7. c3 Nbd7 8. Bd3 e5 9. dxe5 Nxe5 10. Nxe5 Bxe5 11.
Nf3 Bd6 12. O-O Bxg3 13. hxg3 O-O 14. b4 Bg4 15. Be2 Bxf3 16. Bxf3 c4 17. Qd4 Rfd8 18. a4 Qb6 19. Qf4 Qd6 20. Qxd6 Rxd6 21. Rfd1 Rad8 22.
Rd4 Kf8 23. Rad1 Ke7 24. g4 h6 25. Kf1 Ke6 26. g3 b6 27. Ra1 a6 28. Rad1 b5 29. axb5 axb5 30. Ra1 Nh7 31. Ra5 Rb6 32. Bg2 Nf6 33. Ke2 Rdd6 34. Ra8 Nd7 35. f4 Nf6 36. Bf3 g5 37. Rh8 1-0

[Event "Late-Titled-Tuesday-Blitz-April-02-2024"]
[Site "Chess.com"]
[Date "2024.04.02"]
[Round "3"]
[White "Romkachess"]
[Black "ploxoi"]
[Result "1-0"]
[WhiteElo "2671"]
[BlackElo "2470"]
[TimeControl "180+1"]
[EndTime "14:25:55 PDT"]
[Termination "Romkachess won by resignation"]

1. e4 c6 2. d4 d5 3. Nc3 dxe4 4. Nxe4 Nf6 5. Nxf6+ exf6 6. c3 Bd6 7. Bd3 Be6 8. Ne2 O-O 9. O-O Re8 10. Ng3 Nd7 11. Qf3 Nf8 12. Nf5 Bc7 13. h4 Bxf5 14. Qxf5 Qd6 15.
g3 g6 16. Qf3 Ne6 17. Bd2 f5 18. Rfe1 Rad8 19. Bc4 Ng7 20. Bg5 Rc8 21. Bb3 Ne6 22. Bd2 Ng7 23. a4 a5 24. Qd3 Bb6 25. Bf4 Qd7 26.
Rad1 Nh5 27. Be5 Bc7 28. Qc4 Rcd8 29. Bxc7 Qxc7 30. Rxe8+ Rxe8 31. d5 Re4 32. d6 Qd7 33. Qxf7+ Qxf7 34. Bxf7+ Kxf7 35. d7 1-0

[Event "Late-Titled-Tuesday-Blitz-April-02-2024"]
[Site "Chess.com"]
[Date "2024.04.02"]
[Round "3"]
[White "Lady_Nika"]
[Black "platy3"]
[Result "0-1"]
[WhiteElo "2546"]
[BlackElo "2947"]
[TimeControl "180+1"]
[EndTime "14:25:57 PDT"]
[Termination "platy3 won by resignation"]

1. c4 Nf6 2. Nc3 e5 3. d3 Nc6 4. e4 Bb4 5. Bd2 d6 6. Nd5 Bc5 7. Be2 h6 8. h3 a5 9. Nf3 O-O 10.
O-O Nh7 11. Be3 f5 12. exf5 Bxf5 13. d4 exd4 14. Nxd4 Bxd4 15. Bxd4 Qd7 16. Bc3 Ng5 17. Ne3 Be6 18. Bg4 Rae8 19. Bxe6+ Nxe6 20. Qd5 Qf7 21. Ng4 h5 22. Ne3 Nf4 23. Qg5 Re6 24. Nd5 Nxh3+ 25. gxh3 Rg6 26. f4 Rxg5+ 27. fxg5 Qe6 28.
Rxf8+ Kxf8 29. Rf1+ Kg8 30. Rf3 Ne5 31. Rg3 c6 32. Nf4 Qxc4 33. Nxh5 Qe2 34. Nf4 Nf3+ 0-1

[Event "Late-Titled-Tuesday-Blitz-April-02-2024"]
[Site "Chess.com"]
[Date "2024.04.02"]
[Round "3"]
[White "SpeedofLight0"]
[Black "Hamisandwich"]
[Result "1-0"]
[WhiteElo "3054"]
[BlackElo "2706"]
[TimeControl "180+1"]
[EndTime "14:25:59 PDT"]
[Termination "SpeedofLight0 won on time"]

1. d4 Nf6 2. Nc3 d5 3. Bf4 a6 4. e3 b5 5. Bd3 Bb7 6. g4 h6 7. Nf3 Nxg4 8. Rg1 Nf6 9. Ne5 e6 10. Qf3 Nbd7 11. Nxf7 Kxf7 12. Bg6+ Kg8 13. O-O-O b4 14.
Ne2 Rc8 15. Be5 c5 16. Nf4 Qe7 17. Qh3 Rc6 18. Rg3 Nxe5 19. dxe5 Nd7 20. Qh5 c4 21. Rdg1 b3 22. axb3 cxb3 23. c3 a5 24. Rf3 Rxc3+ 25. Kb1 d4 26. Nd5 Nxe5 27. Nxe7+ Bxe7 28. Qxe5 Bxf3 29. Qxe6+ 1-0

[Event "Late-Titled-Tuesday-Blitz-April-02-2024"]
[Site "Chess.com"]
[Date "2024.04.02"]
[Round "3"]
[White "KaydenTroffChess"]
[Black "ImportedItalianMaple"]
[Result "1-0"]
[WhiteElo "2839"]
[BlackElo "2526"]
[TimeControl "180+1"]
[EndTime "14:26:00 PDT"]
[Termination "KaydenTroffChess won by checkmate"]

1. d4 g6 2. Nf3 Bg7 3. Bg5 h6 4. Bh4 g5 5. Bg3 d6 6. Nc3 b6 7. e3 Bb7 8. Be2 Nd7 9. a4 a6 10. h4 g4 11. Nd2 h5 12. f3 f5 13. fxg4 fxg4 14. O-O Ngf6 15. Bd3 e5 16. Bg6+ Ke7 17. Nde4 Rh6 18. Bf5 Qh8 19. Ng5 Rg8 20. Qd3 Rf8 21. Qc4 Kd8 22. Ne6+ Kc8 23. Qxc7# 1-0

[Event "Late-Titled-Tuesday-Blitz-April-02-2024"]
[Site "Chess.com"]
[Date "2024.04.02"]
[Round "3"]
[White "Kostukov_Alex"]
[Black "chessisveryfun1264"]
[Result "0-1"]
[WhiteElo "2294"]
[BlackElo "2507"]
[TimeControl "180+1"]
[EndTime "14:26:00 PDT"]
[Termination "chessisveryfun1264 won on time"]

1. g3 c5 2. Bg2 d5 3. d3 Nf6 4.
e4 e6 5. Qe2 Be7 6. e5 Nfd7 7.
Nf3 Nc6 8. O-O O-O 9. c4 d4 10.
Re1 Rb8 11. h4 h6 12. h5 a6 13. Bf4 b5 14. Na3 bxc4 15. Nxc4 Nb6 16. b3 a5 17. Nh2 Bd7 18. Ng4 Bg5 19. Qd2 Nxc4 20. bxc4 Bxf4 21. Qxf4 Qg5 22. Qxg5 hxg5 23. h6 f5 24.
exf6 gxf6 25. Bxc6 Bxc6 26. Rxe6 Bf3 27. Nh2 Bh5 28. Re7 Bg6 29. Rae1 Rf7 30. Re8+ Rxe8 31. Rxe8+ Kh7 32. Rc8 Bxd3 33. Rxc5 Be4 34. f3 Bg6 35. Ng4 d3 36. Rd5 Rb7 37. Nxf6+ Kxh6 38. Ne4 Rb1+ 39. Kf2 Rb2+ 40. Ke3 a4 0-1

[Event "Late-Titled-Tuesday-Blitz-April-02-2024"]
[Site "Chess.com"]
[Date "2024.04.02"]
[Round "3"]
[White "Mikayel99"]
[Black "simaopdias"]
[Result "1-0"]
[WhiteElo "2540"]
[BlackElo "2321"]
[TimeControl "180+1"]
[EndTime "14:26:01 PDT"]
[Termination "Mikayel99 won by resignation"]

1. e4 e5 2. f4 Nc6 3. Nf3 d6 4.
fxe5 dxe5 5. d4 exd4 6. Bb5 Bd7 7. O-O Be7 8. Bc4 Nf6 9. e5 Ng4 10. Bxf7+ Kxf7 11. e6+ Kg8 12. exd7 Qxd7 13. h3 Nf6 14. Nbd2 Rd8 15. Nb3 h6 16. Bf4 Bd6 17. Bxd6 Qxd6 18. Qd3 Nb4 19. Qc4+ Kh7 20. Nbxd4 Rhe8 21. Kh1 Qb6 22.
Nf5 Rd5 23. N3h4 c5 24. a3 Nc6 25. Nxg7 Kxg7 26. Rxf6 Kxf6 27. Qxd5 Re5 28. Rf1+ Kg5 29. Nf3+ 1-0

[Event "Late-Titled-Tuesday-Blitz-April-02-2024"]
[Site "Chess.com"]
[Date "2024.04.02"]
[Round "3"]
[White "Franmu14"]
[Black "ural58"]
[Result "1-0"]
[WhiteElo "2682"]
[BlackElo "2479"]
[TimeControl "180+1"]
[EndTime "14:26:02 PDT"]
[Termination "Franmu14 won on time"]

1. e4 d5 2. exd5 Qxd5 3. Nc3 Qd6 4. d4 c6 5. Nf3 Bf5 6. Bd3 Bxd3 7. Qxd3 Nf6 8. Bg5 Nbd7 9. O-O-O e6 10. Rhe1 Be7 11.
Bh4 Qf4+ 12. Kb1 Nb6 13. Bg3 Qh6 14. Ne5 Nbd5 15. Nxd5 Nxd5 16. Qb3 Nb6 17. a4 O-O 18. h4 Rfd8 19. h5 Rab8 20. a5 Nd5 21. Nxc6 bxc6 22.
Bxb8 Bb4 23. Bc7 Nxc7 24. Qxb4 Qxh5 25. Qe7 1-0

[Event "Late-Titled-Tuesday-Blitz-April-02-2024"]
[Site "Chess.com"]
[Date "2024.04.02"]
[Round "3"]
[White "Heliosis11"]
[Black "youngdinousaur"]
[Result "1-0"]
[WhiteElo "2396"]
[BlackElo "2222"]
[TimeControl "180+1"]
[EndTime "14:26:03 PDT"]
[Termination "Heliosis11 won by resignation"]

1. e4 c5 2. Nf3 e6 3. Nc3 Nc6 4. d4 cxd4 5. Nxd4 Nf6 6. Nxc6 bxc6 7. e5 Nd5 8. Ne4 Qc7 9. f4 Qb6 10. c4 Bb4+ 11. Ke2 f5 12. exf6 Nxf6 13. Be3 Qd8 14. Nd6+ Bxd6 15. Qxd6 Bb7 16. Rd1 Rc8 17. h3 c5 18. Qe5 Qc7 19. Qxc7 Rxc7 20. Rg1 O-O 21. g4 d5 22. Bg2 d4 23. Bc1 Bxg2 24. Rxg2 Re8 25. Kd3 Kf7 26. Re1 Nd7 27. Rge2 Rc6 28. b3 g6 29. Rf1 a6 30. Ba3 Rb6 31. g5 Rbb8 32. h4 Re7 33. h5 gxh5 34. f5 exf5 35. Rxf5+ Ke8 36. Rxe7+ Kxe7 37. Bxc5+ Nxc5+ 38. Rxc5 Rd8 39. Rc7+ Ke6 40. Rxh7 Kf5 41. Rxh5 a5 42. g6+ Kxg6 43. Rxa5 Kf6 44. Rd5 1-0

[Event "Late-Titled-Tuesday-Blitz-April-02-2024"]
[Site "Chess.com"]
[Date "2024.04.02"]
[Round "3"]
[White "Jospem"]
[Black "GodzillaChessYoutube"]
[Result "1-0"]
[WhiteElo "3039"]
[BlackElo "2696"]
[TimeControl "180+1"]
[EndTime "14:26:05 PDT"]
[Termination "Jospem won by resignation"]

1. e4 c5 2. Nf3 e6 3. c3 Nf6 4.
Bd3 d5 5. e5 Nfd7 6. Bc2 Nc6 7.
d4 b6 8. O-O Ba6 9. Re1 cxd4 10.
cxd4 Nb4 11. Nc3 Nxc2 12. Qxc2 Be7 13. Qd2 O-O 14. Rd1 Qc7 15. Qf4 h6 16. Qg4 Kh8 17.
Qh5 Kh7 18. Bf4 Qd8 19. h4 Qe8 20. Qg4 Rg8 21. Rd2 Nf8 22. Re1 Rc8 23. Re3 b5 24. a3 Rc7 25. b4 Bc8 26. Qh3 Rc4 27. Bg5 Ng6 28. h5 Nf8 29. Bxe7 Qxe7 30. Nxb5 Bd7 31.
Nd6 Rc1+ 32. Re1 Rc7 33. Rdd1 f5 34. Rc1 Ba4 35. Qh4 Qxh4 36. Nxh4 Rxc1 37. Rxc1 Nd7 38. Rc7 Ra8 39. Ng6 a6 40. Kh2 Kg8 41. f3 Nf8 42. Nf4 Bd1 43. Re7 a5 44. b5 a4 45.
b6 Rb8 46. b7 1-0

[Event "Late-Titled-Tuesday-Blitz-April-02-2024"]
[Site "Chess.com"]
[Date "2024.04.02"]
[Round "3"]
[White "ameetghasi100"]
[Black "AlivodicDario"]
[Result "1-0"]
[WhiteElo "2805"]
[BlackElo "2310"]
[TimeControl "180+1"]
[EndTime "14:26:06 PDT"]
[Termination "ameetghasi100 won on time"]

1. b3 e5 2. Bb2 Nc6 3. e3 Nf6 4. c4 d5 5. cxd5 Nxd5 6. a3 Be6 7. b4 Bd6 8. Nf3 e4 9. Nd4 Nxd4 10. Bxd4 O-O 11.
Qc2 f5 12. Bc4 Qh4 13. g3 Qe7 14. Qb3 c6 15. Nc3 Nc7 16. O-O Kh8 17. Rac1 a5 18. bxa5 c5 19. Bxe6 Qxe6 20. Qb6 Ra6 21. Qxb7 cxd4 22.
Ne2 Qd5 23. Rxc7 Qxb7 24. Rxb7 d3 25. Nd4 Rxa5 26. Ne6 Rg8 27. Rf7 Bxa3 28. Ra1 Bb4 29. Rxa5 Bxa5 30. Rxf5 Bxd2 31. Ng5 Rc8 32. Nxe4 Be1 33.
Rd5 h6 34. Rxd3 Bb4 35. Kg2 1-0